 Dungeon Crawl Stone Soup version 0.30-a0-141-g30f27751c5 (webtiles) character file.

Game seed: 2922522173501630870

2 Julmuri the Caller (level 1, -3/13 HPs)
             Began as a Merfolk Summoner on Sept 25, 2022.
             Slain by a quokka (4 damage)
             ... on level 1 of the Dungeon.
             The game lasted 00:00:42 (274 turns).

Julmuri the Caller (Merfolk Summoner)                Turns: 274, Time: 00:00:43

Health: -3/13      AC:  2    Str:  8    XL:     1   Next: 30%
Magic:  2/3        EV: 12    Int: 14    God:
Gold:   0          SH:  0    Dex: 14    Spells: 3/4 levels left

rFire   . . .      SeeInvis .    (no weapon)
rCold   . . .      Faith    .    (no shield)
rNeg    . . .      Spirit   .    a - +0 robe
rPois   .          Reflect  .    (no helmet)
rElec   .          Harm     .    (no cloak)
rCorr   .          Rampage  .    (no gloves)
Will    .....                    (no boots)
Stlth   ++........               (no amulet)
HPRegen 0.04/turn                (no ring)
MPRegen 0.08/turn                (no ring)

@: no status effects
A: (nimble swimmer 2), mertail
a: no special abilities


You were on level 1 of the Dungeon.
You visited 1 branch of the dungeon, and saw 1 of its levels.

Inventory:

Armour
 a - a +0 robe (worn)
Scrolls
 c - a scroll of vulnerability {unknown}
Potions
 b - a potion of magic


   Skills:
 + Level 2.7 Dodging
 + Level 2.3 Stealth
 + Level 2.0 Spellcasting
 + Level 4.0 Summonings


You had 3 spell levels left.
You knew the following spells:

 Your Spells              Type           Power      Damage    Failure   Level
a - Summon Small Mammal   Summ           48%        N/A       4%          1

Your spell library contained the following spells:

 Spells                   Type           Power      Damage    Failure   Level
 Call Imp                 Summ           12%        N/A       7%          2
 Call Canine Familiar     Summ           12%        N/A       14%         3
 Summon Guardian Golem    Hex/Summ       7%         N/A       30%         3
 Summon Lightning Spire   Summ/Air       7%         N/A       71%         4


Dungeon Overview and Level Annotations

Branches:
Dungeon (1/15)

Altars:


Innate Abilities, Weirdness & Mutations

((You are very nimble when in or above water. (Stealth+, EV+, Speed+++)))
Your lower body shifts to a powerful aquatic tail in water.


Message History

The frilled lizard dies!
The quokka misses your bat.
Your bat hits the quokka. The quokka closely misses your bat.
Your bat misses the quokka.
Your bat hits the quokka but does no damage.
Your bat completely misses the quokka.
Your bat closely misses the quokka.
Your rat closely misses the quokka.
Your rat bites the quokka.
Your bat closely misses the quokka.
You miss the quokka.
The quokka is heavily wounded.
The quokka bites you.
Your bat closely misses the quokka.
Your rat barely misses the quokka.
You barely miss the quokka.
The quokka is heavily wounded.
Your bat misses the quokka. The quokka bites you.
Your rat barely misses the quokka.
You hit the quokka but do no damage.
The quokka is heavily wounded.
The quokka bites you but does no damage.
Your bat closely misses the quokka.
Your rat closely misses the quokka.
You hit the quokka but do no damage.
The quokka is heavily wounded.
Your bat hits the quokka but does no damage.
The quokka bites you but does no damage.
Your rat closely misses the quokka.
You hit the quokka but do no damage.
The quokka is heavily wounded.
The quokka misses you.
Your bat hits the quokka but does no damage.
The quokka bites you.
Your rat closely misses the quokka.
You miss the quokka.
The quokka is heavily wounded.
Your bat completely misses the quokka.
The quokka bites you.
* * * LOW HITPOINT WARNING * * *
Your rat bites the quokka but does no damage.
Your bat misses the quokka. Your bat hits the quokka.
Your bat misses the quokka. The quokka barely misses you.
Your rat closely misses the quokka.
The quokka attacks as you move away! The quokka bites you.
You die...

##### ##...##
##.....## #
#.......##.##
#.....†.?...#
#..rrb..##.##
##@....##
#.....#
#.#.#.#
#.#.#.#
#.#.#.##
#......##
####.#...####
............+
####.#...####


You could see a quokka (ally target), a friendly bat (summoned) and a friendly
rat (summoned).

Vanquished Creatures (collateral kills)
  A quokka (D:1)
  A frilled lizard (D:1)
2 creatures vanquished.

Notes
Turn   | Place    | Note
-------+----------+-------------------------------------------
     0 | D:1      | Julmuri the Merfolk Summoner began the quest for the Orb.
     0 | D:1      | Reached XP level 1. HP: 13/13 MP: 3/3
   274 | D:1      | Slain by a quokka

Illustrated notes

Levels and vault maps discovered:
D:1:      evilmike_arrival_crescent, layout_loops_corners,
          ebering_ecumenical_altar_box

Action                   || total
-------------------------++-------
Melee: Unarmed           ||    11
 Cast: Summon Small Mamm ||     4
Armor: Robe              ||     2
Dodge: Dodged            ||     9

Table legend: (Time is in decaauts)
 A = Elapsed time spent in this place.
 B = Non-inter-level travel time spent in this place.
 C = Inter-level travel time spent in this place.
 D = Time resting spent in this place.
 E = Time spent auto-exploring this place.
 F = Levels seen in this place.
 G = Mean time per level.
                   A        B        C        D        E       F      G
               +--------+--------+--------+--------+--------+-----+--------+
         Total |    274 |    274 |      0 |      0 |    219 |   1 |  274.0 |
       Dungeon |    274 |    274 |      0 |      0 |    219 |   1 |  274.0 |
               +--------+--------+--------+--------+--------+-----+--------+

Top non-repeatable levels by time:
     D:1: 274 daAuts
